Map: Romanticide LE

Players

maru

  • Race: Terran Terran
  • Spawn Location: 5:00

TLHarstem (Harstem) - Winner!

  • Race: Protoss Protoss
  • Spawn Location: 11:00

Event: ASUS ROG Online 2020

VOD

Have the link to the VOD?

Description

Time

  • Played on: Nov. 28, 2020, 7:04 a.m.
  • Length: 27:41

All games in this series

Show
View Real Time Build Order
Export as new Build Order

maru Terran 

Build Orders: Mech 

Get SALT Encoding   

  12  0:00  SCV  
  13  0:16  Supply Depot  
  13  0:17  SCV  
  14  0:31  SCV  
  15  0:38  Barracks  
  15  0:43  SCV  
  15  0:46  Refinery  
  16  0:55  SCV  
  16  0:56  Refinery  
  17  1:07  SCV  
  18  1:19  SCV  
  19  1:27  Barracks  
  19  1:31  SCV  
  20  1:44  SCV  
  21  1:55  Reaper  
  21  1:56  Orbital Command  
  21  1:59  Supply Depot  
  22  2:10  Factory  
  22  2:19  Command Center  
  22  2:23  SCV  
  22  2:27  Reaper  
  24  2:35  SCV  
  25  2:47  SCV  
  25  2:54  Factory Tech Lab  
  25  2:58  Command Center  
  25  3:00  SCV  
  26  3:12  SCV  
  27  3:13  Cyclone  
  30  3:24  SCV  
  31  3:31  Starport  
  31  3:32  Orbital Command  
  30  3:36  SCV  
  31  3:45  Cyclone  
  31  3:48  SCV  
  35  3:55  Bunker  
  35  3:58  SCV  
  35  4:00  SCV  
  37  4:07  Viking  
  39  4:10  Marine  
  39  4:11  SCV  
  39  4:12  Orbital Command  
  39  4:13  SCV  
  42  4:18  Cyclone  
  42  4:23  SCV  
  46  4:25  SCV  
  46  4:29  Refinery x2  
  47  4:35  SCV  
  47  4:37  SCV, Viking  
  47  4:38  SCV  
  52  4:46  Factory  
  52  4:47  SCV  
  52  4:48  Supply Depot  
  52  4:51  SCV x2  
  55  4:59  Engineering Bay, SCV  
  56  5:00  Siege Tank  
  56  5:03  SCV  
  56  5:04  Barracks Reactor  
  60  5:07  SCV  
  60  5:11  SCV  
  60  5:13  Factory  
  60  5:14  Supply Depot  
  62  5:15  SCV  
  62  5:17  Starport Tech Lab  
  62  5:19  SCV  
  64  5:25  SCV  
  64  5:27  Missile Turret, SCV  
  66  5:35  Orbital Command  
  66  5:37  Raven  
  66  5:39  Supply Depot  
  67  5:43  SCV x2  
  67  5:46  Missile Turret  
  67  5:49  Hellion x2, Siege Tank  
  76  5:57  Missile Turret, SCV  
  76  6:00  Supply Depot x2  
  76  6:01  SCV x2  
  79  6:08  Armory  
  79  6:09  SCV  
  79  6:11  Armory  
  79  6:13  SCV  
  79  6:14  SCV  
  81  6:19  Factory Tech Lab  
  81  6:21  SCV  
  81  6:25  SCV  
  83  6:27  Hellion x2  
  83  6:28  SCV  
  83  6:30  Supply Depot  
  88  6:33  SCV  
  88  6:37  SCV  
  88  6:39  Factory  
  90  6:40  Factory  
  90  6:43  SCV, Refinery  
  90  6:46  SCV  
  92  6:47  Refinery  
  92  6:51  Siege Tank x2  
  92  6:53  Supply Depot  
  98  6:57  Hellion x2  
  98  7:00  SCV x3  
  105  7:05  Supply Depot x2, Terran Vehicle Weapons Level 1  
  105  7:07  Terran Vehicle And Ship Armor Level 1  
  105  7:19  Command Center, Hellion x2  
  109  7:22  Missile Turret  
  109  7:23  Cyclone, SCV x2  
  109  7:26  Cyclone  
  109  7:27  Drilling Claws  
  117  7:34  Cyclone  
  117  7:36  Widow Mine, SCV x3  
  125  7:40  Supply Depot  
  125  7:41  Viking  
  127  7:51  Widow Mine  
  127  7:52  Widow Mine  
  127  7:55  Supply Depot  
  127  7:56  Supply Depot x2  
  131  8:02  Cyclone x2  
  137  8:06  Cyclone  
  136  8:14  SCV  
  136  8:16  Hellion x3  
  137  8:20  Mag-Field Accelerator  
  130  8:34  Cyclone x2  
  136  8:36  SCV x2  
  136  8:37  SCV  
  136  8:38  Hellion x2  
  136  8:39  Cyclone  
  143  8:42  Factory Reactor  
  143  8:48  SCV  
  138  8:57  Missile Turret  
  138  8:58  Missile Turret  
  138  9:03  Missile Turret  
  138  9:04  Terran Vehicle Weapons Level 2  
  138  9:05  SCV x3  
  138  9:06  Cyclone x2  
  138  9:08  Missile Turret  
  145  9:11  Cyclone  
  148  9:20  Starport Reactor  
  143  9:26  Missile Turret  
  143  9:27  SCV  
  143  9:29  Hellion x2  
  143  9:30  Missile Turret, Hellion, SCV x2  
  149  9:31  Orbital Command  
  149  9:38  Cyclone x2  
  155  9:40  Refinery  
  155  9:42  Missile Turret  
  155  9:43  Terran Vehicle And Ship Armor Level 2, Cyclone  
  155  9:45  Refinery  
  158  9:47  Factory, Widow Mine  
  158  9:48  Missile Turret  
  158  9:50  SCV  
  158  9:51  Widow Mine  
  163  9:59  Widow Mine x2  
  164  10:10  Cyclone x2  
  168  10:15  Missile Turret, Cyclone  
  168  10:16  Missile Turret  
  168  10:17  Viking x2  
  175  10:21  Supply Depot  
  175  10:30  Hellion  
  174  10:38  Missile Turret  
  174  10:42  Cyclone x2  
  180  10:47  Cyclone, Viking  
  180  10:48  Viking  
  181  10:55  Missile Turret  
  176  11:04  Widow Mine x3  
  176  11:10  Missile Turret  
  176  11:14  Cyclone x2  
  176  11:17  Factory Tech Lab, Viking  
  184  11:18  Factory  
  184  11:19  Cyclone  
  171  11:26  Terran Vehicle Weapons Level 3  
  165  11:36  Hellion x4  
  164  11:46  Cyclone x2  
  170  11:49  Command Center x2  
  170  11:51  Cyclone  
  173  11:56  Cyclone  
  173  11:57  Widow Mine x2  
  176  12:10  Missile Turret, Viking  
  162  12:18  Cyclone x2  
  160  12:23  Cyclone  
  160  12:24  Viking  
  160  12:28  Factory Tech Lab, Cyclone  
  160  12:29  SCV x2  
  161  12:32  Widow Mine x3  
  161  12:33  Widow Mine  
  169  12:38  Starport  
  169  12:39  Starport  
  167  12:50  Cyclone x2  
  173  12:53  Terran Vehicle And Ship Armor Level 3  
  173  12:55  Cyclone  
  173  12:56  Infernal Pre-Igniter, Hellion x4  
  184  12:58  SCV  
  184  13:01  Viking  
  184  13:02  Viking  
  184  13:04  Missile Turret  
  180  13:21  Cyclone x2  
  186  13:32  Factory  
  184  13:36  Viking x2  
  184  13:37  Viking x2  
  184  13:38  Cyclone x2  
  194  13:43  Missile Turret, Orbital Command, SCV x2  
  196  13:56  Missile Turret  
  196  14:00  Missile Turret  
  193  14:06  Viking x2  
  193  14:13  Cyclone x2  
  193  14:14  Widow Mine x3  
  194  14:20  Viking  
  196  14:24  Widow Mine  
  196  14:28  Terran Ship Weapons Level 1  
  190  14:38  Viking  
  190  14:39  Viking  
  190  14:44  Viking  
  171  14:52  Cyclone  
  154  14:56  Viking  
  139  15:07  Factory Tech Lab  
  139  15:08  Viking  
  139  15:09  Missile Turret x2, Orbital Command, Viking  
  139  15:11  Missile Turret x2  
  139  15:13  Missile Turret x2, Viking  
  139  15:14  Missile Turret  
  145  15:15  Missile Turret, Widow Mine x4  
  145  15:17  Missile Turret, SCV x4  
  157  15:26  Viking  
  153  15:38  Cyclone, Viking  
  153  15:39  Viking  
  153  15:41  Missile Turret x2  
  150  15:43  Missile Turret, Viking  
  150  15:44  Missile Turret  
  150  15:49  SCV x3  
  155  15:53  Cyclone  
  155  15:54  Cyclone x2  
  155  15:56  Viking  
  166  16:02  Cyclone, Widow Mine  
  166  16:03  Widow Mine  
  164  16:08  Viking x2  
  162  16:13  Viking  
  161  16:26  Viking  
  163  16:38  Viking  
  154  16:44  Cyclone  
  137  16:49  Cyclone  
  137  16:51  Cyclone x2  
  129  17:07  Cyclone  
  123  17:10  Orbital Command  
  123  17:16  Cyclone  
  123  17:19  Orbital Command  
  123  17:21  Cyclone  
  126  17:26  Cyclone  
  128  17:39  Hellion  
  130  17:56  Cyclone x2  
  136  18:04  Hellion x2  
  140  18:15  Viking x2  
  140  18:19  Widow Mine x2  
  144  18:21  Cyclone  
  144  18:23  Siege Tank x2  
  144  18:26  Hellion x2  
  157  18:27  SCV  
  157  18:29  Refinery  
  158  18:37  Supply Depot  
  158  18:41  SCV  
  158  18:47  Siege Tank  
  158  18:48  Hellion x4  
  159  18:58  Hellion, Siege Tank  
  159  18:59  Hellion  
  159  19:01  Missile Turret x2  
  159  19:02  Missile Turret  
  164  19:13  Supply Depot  
  164  19:14  Refinery  
  164  19:15  Supply Depot, Siege Tank, Refinery  
  164  19:16  Hellion  
  172  19:24  Missile Turret, Siege Tank  
  172  19:25  Missile Turret  
  172  19:35  Hellion  
  172  19:49  Siege Tank x2  
  179  20:00  Siege Tank  
  179  20:06  Hellion x2  
  178  20:14  SCV  
  178  20:18  Cyclone  
  179  20:24  Command Center  
  179  20:25  Cyclone  
  182  20:32  SCV x2  
  184  20:44  Orbital Command  
  184  20:50  Siege Tank  
  184  20:51  Hellion  
  184  20:52  Siege Tank  
  189  21:04  Supply Depot x2  
  189  21:15  Supply Depot x2  
  189  21:25  Missile Turret  
  189  21:26  Missile Turret  
  189  21:35  Viking x2  
  189  21:36  Cyclone x2, Hellion x2  
  189  21:37  Hellion x8  
  200  21:46  Viking x2  
  175  21:58  Missile Turret x3  
  175  21:59  Missile Turret x2  
  175  22:00  Missile Turret x2  
  175  22:05  Viking x2  
  179  22:12  Thor  
  185  22:16  Missile Turret  
  185  22:17  Viking  
  185  22:18  Missile Turret  
  185  22:25  Viking  
  182  22:31  Missile Turret  
  182  22:32  Missile Turret  
  182  22:35  Viking  
  184  22:45  Viking  
  184  22:49  Viking  
  184  22:50  Thor  
  187  22:58  Hellion x9  
  187  23:02  Supply Depot  
  187  23:03  Supply Depot  
  176  23:24  Hellion x2  
  180  23:41  Hellion  
  181  23:42  Hellion  
  177  23:52  Hellion  
  153  24:12  Hellion x3  
  153  24:13  Hellion x2  
  153  24:15  Hellion  
  159  24:27  Missile Turret  
  159  24:28  Missile Turret  
  159  24:31  Hellion  
  159  24:33  Missile Turret  
  159  24:39  Missile Turret x2  
  159  24:42  Hellion  
  153  24:50  Command Center  
  151  25:10  Missile Turret x2  
  151  25:11  Missile Turret  
  114  26:16  Hellion x3  
  112  26:28  Missile Turret x4  
  112  26:31  Missile Turret  
  106  26:48  Missile Turret x2  
  106  26:50  Missile Turret x2  
Show
View Real Time Build Order
Export as new Build Order

TLHarstem Protoss - Winner!

Build Orders: 1 Gate Expand, Phoenix Opening, Carriers, Colossus Rush 

Get SALT Encoding   

  12  0:00  Probe  
  13  0:12  Probe  
  14  0:17  Pylon  
  14  0:24  Probe  
  15  0:36  Gateway  
  15  0:37  Probe (Chrono Boost)  
  16  0:47  Probe (Chrono Boost)  
  16  0:48  Assimilator  
  17  0:52  Probe (Chrono Boost)  
  18  1:03  Probe  
  19  1:15  Probe  
  20  1:23  Cybernetics Core  
  20  1:27  Probe  
  21  1:38  Nexus  
  21  1:44  Pylon  
  21  1:56  Probe  
  21  1:58  Assimilator  
  21  1:59  Adept (Chrono Boost)  
  24  2:09  Probe  
  25  2:19  Adept (Chrono Boost)  
  25  2:21  Probe  
  28  2:25  Shield Battery  
  28  2:33  Probe  
  29  2:45  Probe  
  29  2:50  Probe (Chrono Boost)  
  31  2:52  Stargate  
  31  2:58  Warp Gate  
  32  3:00  Probe (Chrono Boost)  
  32  3:02  Probe (Chrono Boost)  
  33  3:11  Probe (Chrono Boost)  
  34  3:13  Probe (Chrono Boost)  
  34  3:17  Probe  
  35  3:21  Probe  
  36  3:29  Probe  
  36  3:32  Robotics Facility  
  38  3:35  Pylon, Probe (Chrono Boost)  
  38  3:36  Phoenix  
  38  3:41  Probe (Chrono Boost)  
  41  3:48  Pylon  
  41  3:50  Probe (Chrono Boost)  
  41  3:51  Probe (Chrono Boost)  
  42  3:57  Probe x2  
  42  4:01  Phoenix (Chrono Boost), Gateway  
  46  4:09  Assimilator, Probe  
  48  4:10  Probe  
  48  4:11  Assimilator  
  48  4:20  Observer  
  48  4:21  Probe  
  48  4:22  Probe  
  48  4:23  Phoenix (Chrono Boost)  
  53  4:33  Probe  
  53  4:34  Probe  
  55  4:40  Nexus  
  55  4:41  Pylon  
  55  4:45  Probe  
  56  4:46  Probe  
  57  4:52  Robotics Bay  
  57  4:56  Phoenix  
  57  4:57  Probe  
  60  5:01  Shield Battery, Pylon  
  60  5:04  Probe  
  61  5:11  Probe  
  62  5:18  Sentry  
  62  5:19  Probe  
  69  5:23  Stalker, Pylon  
  71  5:30  Phoenix  
  71  5:31  Probe  
  71  5:34  Probe  
  73  5:39  Colossus (Chrono Boost)  
  69  5:43  Probe (Chrono Boost)  
  69  5:47  Probe (Chrono Boost)  
  69  5:49  Shield Battery  
  77  5:53  Probe (Chrono Boost)  
  77  5:54  Phoenix, Protoss Air Weapons Level 1 (Chrono Boost)  
  77  5:55  Probe (Chrono Boost)  
  81  6:03  Probe (Chrono Boost)  
  81  6:04  Probe x2 (Chrono Boost)  
  84  6:08  Probe (Chrono Boost)  
  84  6:09  Extended Thermal Lance, Probe  
  84  6:10  Probe  
  86  6:13  Assimilator  
  86  6:17  Assimilator  
  87  6:19  Probe (Chrono Boost)  
  87  6:20  Pylon  
  87  6:21  Stargate  
  87  6:22  Zealot  
  92  6:26  Probe (Chrono Boost)  
  92  6:27  Probe (Chrono Boost)  
  92  6:31  Probe (Chrono Boost)  
  92  6:36  Colossus (Chrono Boost), Probe x2 (Chrono Boost)  
  101  6:42  Nexus  
  101  6:44  Pylon  
  100  6:48  Zealot  
  100  6:50  Phoenix  
  104  6:59  Fleet Beacon, Probe  
  104  7:00  Pylon  
  105  7:04  Shield Battery  
  105  7:06  Phoenix  
  105  7:07  Probe  
  109  7:13  Pylon, Probe  
  109  7:18  Phoenix  
  109  7:19  Probe  
  109  7:20  Probe, Disruptor (Chrono Boost)  
  116  7:25  Probe  
  117  7:31  Probe  
  117  7:34  Pylon, Forge  
  118  7:41  Probe  
  118  7:42  Pylon  
  118  7:43  Shield Battery  
  119  7:44  Carrier  
  119  7:45  Disruptor (Chrono Boost)  
  119  7:47  Pylon  
  119  7:50  Zealot x2  
  130  7:57  Carrier  
  130  7:58  Probe  
  133  8:17  Zealot x2  
  133  8:26  Probe, Disruptor (Chrono Boost)  
  137  8:36  Probe x2  
  137  8:42  Zealot x2  
  139  8:48  Carrier  
  139  8:52  Probe  
  139  8:54  Probe, Disruptor  
  139  8:55  Stargate  
  150  8:56  Assimilator  
  150  8:59  Assimilator  
  150  9:00  Shield Battery  
  150  9:02  Pylon  
  150  9:04  Carrier  
  150  9:07  Shield Battery  
  154  9:29  Probe  
  154  9:30  Disruptor  
  158  9:37  Gateway  
  155  9:39  Nexus, Stargate  
  155  9:42  Probe x2  
  155  9:44  Pylon  
  157  9:46  Shield Battery  
  157  9:47  Shield Battery, Photon Cannon  
  157  9:52  Photon Cannon  
  157  9:53  Carrier  
  157  9:58  Carrier  
  169  10:02  Probe  
  169  10:05  Disruptor  
  165  10:17  Zealot x2  
  165  10:18  Carrier  
  175  10:25  Carrier  
  181  10:35  Zealot, Protoss Air Weapons Level 2 (Chrono Boost)  
  181  10:36  Probe  
  181  10:38  Shield Battery  
  181  10:40  Shield Battery  
  181  10:41  Disruptor  
  181  10:42  Shield Battery  
  185  10:43  Pylon  
  174  11:03  Probe  
  178  11:04  Carrier (Chrono Boost)  
  178  11:06  Robotics Facility  
  178  11:10  Pylon  
  180  11:13  Carrier (Chrono Boost)  
  180  11:14  Zealot x2  
  180  11:15  Zealot  
  180  11:16  Photon Cannon  
  180  11:17  Disruptor  
  177  11:26  Photon Cannon  
  177  11:27  Probe  
  177  11:28  Photon Cannon  
  177  11:32  Probe x3  
  173  11:36  Photon Cannon  
  173  11:39  Probe (Chrono Boost)  
  178  11:42  Carrier (Chrono Boost)  
  178  11:44  Probe (Chrono Boost)  
  165  11:47  Probe x2 (Chrono Boost)  
  165  11:49  Assimilator  
  165  11:51  Assimilator  
  165  11:52  Disruptor  
  169  11:56  Probe (Chrono Boost)  
  169  11:57  Probe (Chrono Boost)  
  169  12:00  Probe x2 (Chrono Boost)  
  172  12:01  Probe (Chrono Boost), Disruptor  
  172  12:04  Probe (Chrono Boost)  
  175  12:08  Probe x2  
  177  12:15  Carrier, Probe  
  178  12:27  Disruptor (Chrono Boost)  
  181  12:32  Carrier x2  
  181  12:33  Zealot  
  181  12:36  Shield Battery  
  195  12:40  Zealot  
  200  12:44  Photon Cannon, Disruptor (Chrono Boost)  
  200  12:47  Photon Cannon  
  197  12:54  Stalker  
  197  12:55  Stalker  
  197  12:57  Probe  
  198  13:12  Disruptor (Chrono Boost)  
  196  13:17  Disruptor (Chrono Boost)  
  196  13:20  Nexus  
  196  13:24  Photon Cannon  
  196  13:26  Pylon  
  199  13:27  Pylon, Photon Cannon  
  199  13:30  Photon Cannon  
  199  13:44  Photon Cannon  
  199  13:45  Cybernetics Core  
  199  13:52  Nexus  
  199  14:02  Protoss Air Weapons Level 3 (Chrono Boost)  
  197  14:07  Observer (Chrono Boost)  
  198  14:10  Disruptor (Chrono Boost)  
  196  14:18  Sentry  
  198  14:26  Observer (Chrono Boost)  
  198  14:29  Pylon  
  177  14:39  Observer  
  177  14:43  Probe  
  177  14:44  Stalker x3  
  185  14:46  Carrier (Chrono Boost), Probe  
  186  14:56  Disruptor  
  186  14:57  Carrier (Chrono Boost)  
  189  15:00  Disruptor  
  189  15:04  Carrier x2  
  198  15:07  Nexus  
  198  15:08  Probe  
  193  15:31  Protoss Air Armor Level 1 (Chrono Boost), Disruptor  
  192  15:35  Disruptor  
  194  15:44  Carrier  
  188  16:42  Carrier (Chrono Boost)  
  188  16:44  Carrier x2 (Chrono Boost)  
  170  16:53  Unknown, Pylon, Nexus  
  170  17:03  Carrier (Chrono Boost)  
  170  17:06  Probe, Disruptor x2  
  165  17:11  Photon Cannon  
  165  17:13  Stalker x3  
  171  17:24  Stargate  
  168  17:35  Protoss Air Armor Level 2 (Chrono Boost)  
  168  17:38  Photon Cannon  
  168  17:39  Photon Cannon  
  168  17:41  Zealot, Carrier (Chrono Boost), Photon Cannon  
  168  17:43  Shield Battery  
  188  17:48  Observer  
  188  17:49  Sentry, Carrier (Chrono Boost)  
  188  17:51  Disruptor  
  190  17:53  Carrier (Chrono Boost)  
  193  18:01  Photon Cannon  
  199  18:10  Pylon, Carrier (Chrono Boost)  
  199  18:17  Stalker x3  
  193  18:32  Phoenix (Chrono Boost)  
  195  18:45  Phoenix  
  195  18:46  Nexus  
  197  18:54  Phoenix  
  199  18:59  Phoenix  
  197  19:09  Mothership (Chrono Boost)  
  183  19:10  Phoenix  
  183  19:15  Twilight Council  
  193  19:19  Stalker x3  
  198  19:24  Phoenix  
  198  19:28  Pylon  
  198  19:31  Shield Battery  
  200  19:32  Pylon  
  195  19:52  Nexus  
  193  19:54  Templar Archives, Nexus  
  192  20:06  Disruptor  
  195  20:20  Psionic Storm  
  195  20:24  Gateway  
  195  20:27  Nexus  
  195  20:33  High Templar x2  
  199  20:44  Nexus  
  187  20:56  Phoenix x3  
  193  20:57  Phoenix  
  163  21:20  Phoenix  
  163  21:21  Phoenix, High Templar, Oracle  
  172  21:26  Probe, Photon Cannon  
  172  21:28  Photon Cannon  
  172  21:30  Assimilator, Photon Cannon  
  146  21:48  Phoenix x2  
  146  21:50  Probe  
  144  21:55  Stalker x4  
  144  21:59  Probe  
  149  22:06  Phoenix  
  132  22:28  Oracle  
  132  22:39  Zealot x4  
  128  23:00  Zealot x4  
  129  23:12  Phoenix x2  
  131  23:22  Probe  
  131  23:24  Probe  
  133  23:32  Nexus  
  131  24:10  Phoenix x2  
  121  24:46  Probe x4 (Chrono Boost)  
  125  24:58  Probe (Chrono Boost)  
  129  25:00  Assimilator  
  129  25:04  Probe x3 (Chrono Boost)  
  126  25:07  Oracle  
  126  25:11  Probe x3 (Chrono Boost)  
  132  25:35  Probe x2  
  131  25:40  Phoenix  
  131  25:41  Probe x2  
  118  25:47  Probe x2  
  120  25:53  Probe  
  120  25:56  Probe  
  121  25:59  Probe x2  
  123  26:05  Probe  
  124  26:25  Probe (Chrono Boost)  
  124  26:30  Probe (Chrono Boost)  
Tags
 
Add a new tag
Caveats
  • Supply blocks, unpowered buildings, or Contaminate may cause inaccurate times.
  • Supply counts are checked every 10 seconds.